 Dungeon Crawl Stone Soup version 0.18-a0-1206-g2bec475 (webtiles) character file.

273 Faustar the Chopper (level 6, -3/47 HPs)
             Began as a Formicid Fighter on Feb 2, 2016.
             Slain by a gnoll
             ... wielding a +0 halberd
              (6 damage)
             ... on level 4 of the Dungeon.
             The game lasted 00:03:40 (1690 turns).

Faustar the Chopper (Formicid Fighter)              Turns: 1690, Time: 00:03:40

Health: -3/47      AC:  6    Str: 23    XL:     6   Next: 48%
Magic:  6/6        EV:  8    Int:  7    God:
Gold:   102        SH:  9    Dex: 10    Spells: 0 memorised, 5 levels left

rFire  . . .     SeeInvis +     a - +0 war axe
rCold  . . .     Gourm    .     b - +0 scale mail
rNeg   . . .     Faith    .     c - +0 shield
rPois  .         Spirit   .     (helmet unavailable)
rElec  .         Dismiss  .     (no cloak)
rCorr  .         Reflect  .     (no gloves)
SustAt .         Harm     .     (no boots)
MR     .....                    (no amulet)
Stlth  ..........               (no ring)
                                (no ring)

@: not resistant to hostile enchantments, extremely unstealthy
A: permanent stasis, dig shafts and tunnels, four strong arms, antennae 3
a: Dig, Shaft Self


You were on level 4 of the Dungeon.
You were not hungry.

You visited 1 branch of the dungeon, and saw 4 of its levels.

You collected 102 gold pieces.

Inventory:

Hand Weapons
 a - a +0 war axe (weapon)
Armour
 b - a +0 scale mail (worn)
 c - a +0 shield (worn)
Scrolls
 g - 4 scrolls of identify {unknown}
 h - a scroll of blinking {unknown}
 k - a scroll of random uselessness {unknown}
 l - a scroll of immolation {unknown}
 m - a scroll of teleportation {unknown}
 o - a scroll of noise {unknown}
 p - a scroll of enchant armour {unknown}
 q - a scroll of enchant weapon {unknown}
 s - a scroll of remove curse {unknown}
Potions
 d - a potion of might
 e - a potion of resistance {unknown}
 i - a potion of cure mutation {unknown}
 n - 2 potions of lignification {unknown}
 r - a potion of haste {unknown}
Comestibles
 f - a bread ration
 j - 11 chunks of flesh
 t - a slice of pizza


   Skills:
 - Level 3.2 Fighting
 + Level 6.4 Axes
 - Level 3.2 Armour
 - Level 3.6 Shields


You had 5 spell levels left.
You didn't know any spells.

Dungeon Overview and Level Annotations

Branches:
Dungeon (4/15)
 Temple: D:4-7

Altars:
Ashenzari
Vehumet


Innate Abilities, Weirdness & Mutations

You are under a permanent stasis effect.
You can dig through walls and to a lower floor.
Your four strong arms can wield two-handed weapons with a shield.
You have a pair of large antennae on your head (SInv).


Message History

You are too injured to fight recklessly!
You are too injured to fight recklessly!
You are too injured to fight recklessly!
You are too injured to fight recklessly!
You are too injured to fight recklessly!
You are too injured to fight recklessly!
You hit the gnoll but do no damage. You barely miss the gnoll.
The gnoll barely misses you.
A gnoll comes into view.
You hit the gnoll.
The gnoll is severely wounded.
You barely miss the gnoll. You block the gnoll's attack.
The gnoll hits you from afar with a halberd.
* * * LOW HITPOINT WARNING * * *
You block the gnoll's attack.
You hit the gnoll but do no damage.
The gnoll is severely wounded.
You closely miss the gnoll.
The gnoll hits you but does no damage. x2
The gnoll hits you from afar with a halberd.
You die...

..## #..# #
#...## #..# #.
[.....# #..##
.......###...#
........#..#.#
......[.#g##.#
........#g##.#
........#g##.#
........g@##.#
.......#####.#
....... #.#
....... ##.####
....... #.....#
....... #.....#
## .......
#.....#########.
.......
#...............
#.....##########


You could see 4 gnolls.

Vanquished Creatures
  A giant frog skeleton (D:4)
  2 orc wizards (D:4)
  A worker ant (D:4)
  7 adders
  3 oozes
  2 worms
  3 giant geckos
  13 orcs
  2 giant cockroaches (D:3)
  6 goblins
  7 hobgoblins
  3 jackals (D:2)
  4 kobolds (D:3)
  3 quokkas (D:3)
  2 bats (D:1)
  5 giant newts
  6 rats
70 creatures vanquished.

Notes
Turn   | Place    | Note
--------------------------------------------------------------
     0 | D:1      | Faustar the Formicid Fighter began the quest for the Orb.
     0 | D:1      | Reached XP level 1. HP: 18/18 MP: 1/1
    98 | D:1      | Reached XP level 2. HP: 20/24 MP: 2/2
   436 | D:1      | Reached XP level 3. HP: 22/29 MP: 3/3
   709 | D:2      | Reached skill level 4 in Axes
   709 | D:2      | Reached XP level 4. HP: 35/35 MP: 4/4
   843 | D:2      | Found a radiant altar of Vehumet.
   939 | D:3      | Found a shattered altar of Ashenzari.
   965 | D:3      | Reached XP level 5. HP: 35/41 MP: 5/5
  1125 | D:3      | Reached skill level 5 in Axes
  1618 | D:4      | Reached XP level 6. HP: 33/47 MP: 6/6
  1625 | D:4      | Reached skill level 6 in Axes
  1690 | D:4      | Slain by a gnoll

Vault maps used:
D:1:      tarquinn_simple_flora_water_b
D:2:      grunt_qazlal_clouds, vehumet_crystals, first_bread
D:3:      cheibrodos_ashenzari_chains, zin_angel
D:4:      cheibriados_altar_1, hangedman_decor_diamond_cutter

Action                   |  1- 3 |  4- 6 || total
-------------------------+-------+-------++-------
Melee: War axe           |    78 |   144 ||   222
  Eat: Chunk             |       |     3 ||     3
